 Dungeon Crawl Stone Soup version 0.23-a0-705-g0e654d2 (webtiles) character file.

644 JeffiDaFish the Skirmisher (level 7, -3/57 HPs)
             Began as a Demonspawn Monk on Jan 15, 2019.
             Slain by an adder (4 damage)
             ... on level 4 of the Dungeon.
             The game lasted 00:08:01 (4622 turns).

JeffiDaFish the Skirmisher (Demonspawn Monk)        Turns: 4622, Time: 00:08:02

Health: -3/57      AC: 13    Str: 13    XL:     7   Next: 27%
Magic:  7/7        EV: 14    Int: 15    God:
Gold:   196        SH:  0    Dex: 15    Spells: 6/6 levels left

rFire    . . .     SeeInvis .   a - +2 spear
rCold    + . .     Gourm    .   (no shield)
rNeg     . . .     Faith    .   f - +0 scale mail
rPois    .         Spirit   .   b - +2 helmet {Int+3}
rElec    .         Reflect  .   k - +1 cloak {+Inv}
rCorr    .         Harm     .   (no gloves)
MR       +....                  m - +0 pair of boots
Stlth    +.........             h - amulet of rage
HPRegen  0.19/turn              d - ring of protection from cold
MPRegen  0.10/turn              l - ring of protection from magic

@: lethally poisoned (-3 -> -6)
A: hooves 1, repulsion field 2, demonic guardian 1
a: Evoke Berserk Rage, Evoke Invisibility


You were on level 4 of the Dungeon.
You were not hungry.

You visited 2 branches of the dungeon, and saw 5 of its levels.

You collected 196 gold pieces.

Inventory:

Hand Weapons
 a - a +2 spear (weapon)
Armour
 b - a +2 helmet of intelligence (worn)
 f - a +0 scale mail (worn)
 k - a +1 cloak of invisibility (worn)
 m - a +0 pair of boots (worn)
Jewellery
 d - a ring of protection from cold (left hand)
 e - an uncursed ring of positive energy
 h - an amulet of rage (around neck)
 l - a ring of protection from magic (right hand)
Wands
 n - a wand of iceblast (5)
Scrolls
 g - 4 scrolls of identify
 i - 4 scrolls of remove curse
Comestibles
 c - 7 rations
 j - 4 chunks of flesh


   Skills:
 * Level 5.9 Fighting
 + Level 4.1 Polearms
 + Level 3.0 Armour
 + Level 4.1 Dodging
 - Level 1.7 Stealth


You had 6 spell levels left.
You didn't know any spells.
Your spell library was empty.

Dungeon Overview and Level Annotations

Branches:
Dungeon (4/15)             Temple (1/1) D:4

Altars:
Ashenzari
Cheibriados
Dithmenos
Elyvilon
Fedhas
Gozag
Hepliaklqana
Kikubaaqudgha
Makhleb
Nemelex Xobeh
Okawaru
Qazlal
Ru
Sif Muna
Trog
Uskayaw
Vehumet
Wu Jian
Xom
Yredelemnul
Zin
The Shining One


Innate Abilities, Weirdness & Mutations

You have large cloven feet.
You are surrounded by a moderate repulsion field. (EV +3)
A weak demonic guardian rushes to your aid.


Message History

Attack whom?
Press: ? - help, Dir - move target cursor, f/p - ogre
Aim: an ogre, wielding a +0 giant club (almost dead)
You hit the ogre.
You kill the ogre!
Your Armour skill increases to level 3!
The adder bites you.
* * * LOW HITPOINT WARNING * * *
You are lethally poisoned!
The adder poisons you!
You aren't carrying any potions.
Okay, then.
Attack whom?
Press: ? - help, Dir - move target cursor, f - adder
Aim: an adder You hit the adder.
The adder is moderately wounded.
* * * LOW HITPOINT WARNING * * *
You feel sick. The adder bites you but does no damage. The adder bites you.
You die...

** **,,,,*** **,,** *#...........
***,,,**#####....## #...........
**,,,****..........###...........
*,,,,,,,,...............>...).)..
,,,,,,,,,............##.......)..
,,,,,,,,,............###.........
,,,,,,,,,............# #.........
,,,****,,............# ##........
,,,* *,,......)@....# ##.......
,,,* *,,......S.....## #.......
,,,* *,,.............# ##......
,,,* *,,.............## ##.....
,,,* *,,..............######....
,,,* *,,.............)...####...
,,,* *,,................)...##..
,,,* *,,..!........>...###......
,,** **,,,,,.........### #####.#


You could see an adder.

Vanquished Creatures
  An ogre (D:4)
  A scorpion (D:4)
  An orc priest (D:4)
  3 orc wizards (D:4)
  A bullfrog skeleton (D:4)
  An iguana (D:4)
  A worker ant (D:4)
  2 gnolls (D:2)
  6 adders
  An ooze (D:4)
  A worm (D:2)
  4 dart slugs (D:1)
  2 leopard geckos
  5 orcs (D:4)
  2 ball pythons
  8 bats
  A giant cockroach (D:2)
  6 goblins
  13 hobgoblins
  12 kobolds
  A quokka (D:2)
  3 frilled lizards (D:1)
  5 rats
81 creatures vanquished.

Vanquished Creatures (collateral kills)
  A scorpion (D:4)
  A hound (D:4)
  Crazy Yiuf (D:2)
  2 orc wizards (D:4)
  A gnoll shaman (D:4)
  5 gnolls
  A worm (D:4)
  An orc (D:4)
13 creatures vanquished.

Grand Total: 94 creatures vanquished

Notes
Turn   | Place    | Note
-------+----------+-------------------------------------------
     0 | D:1      | JeffiDaFish the Demonspawn Monk began the quest for the
                  | Orb.
     0 | D:1      | Reached XP level 1. HP: 18/18 MP: 1/1
    58 | D:1      | Gained mutation: You have large cloven feet. [demonic
                  | ancestry]
    58 | D:1      | Reached XP level 2. HP: 13/24 MP: 2/2
   415 | D:1      | Reached XP level 3. HP: 3/29 MP: 3/3
  1206 | D:1      | Reached skill level 1 in Armour
  1687 | D:2      | Gained mutation: A weak demonic guardian rushes to your
                  | aid. [demonic ancestry]
  1687 | D:2      | Reached XP level 4. HP: 35/37 MP: 4/4
  2051 | D:2      | Reached skill level 4 in Fighting
  2271 | D:2      | Found a runed door.
  2275 | D:2      | Noticed Crazy Yiuf
  2288 | D:2      | Killed Crazy Yiuf
  2288 | D:2      | Gained mutation: You are surrounded by a mild repulsion
                  | field. (EV +2) [demonic ancestry]
  2288 | D:2      | Reached XP level 5. HP: 39/43 MP: 5/5
  3036 | D:3      | Found a stormy altar of Qazlal.
  3519 | D:4      | Found a staircase to the Ecumenical Temple.
  3721 | Temple   | Entered the Ecumenical Temple
  3856 | D:4      | Reached XP level 6. HP: 49/50 MP: 6/6
  3870 | D:4      | Reached skill level 5 in Fighting
  4426 | D:4      | Gained mutation: You are surrounded by a moderate repulsion
                  | field. (EV +3) [demonic ancestry]
  4426 | D:4      | Reached XP level 7. HP: 35/56 MP: 7/7
  4621 | D:4      | HP: 2/57 [adder (3)]
  4622 | D:4      | Slain by an adder

Vault maps used:
D:1:      dpeg_arrival_arbitrary_c, minmay_pentomino_w4
D:2:      uniq_crazy_yiuf_cottage
D:3:      lemuel_coloured_pillars_altar
D:4:      minmay_temple_entry_overgrown, first_ration
Temple:   grunt_wide_crystal_templ

Skill      XL: |  1  2  3  4  5  6  7 |
---------------+----------------------+-----
Polearms       | 3 4 |  4.1
Dodging        | 3 4 |  4.1
Armour         | 1 2 3 |  3.0
Fighting       | 4 5 |  5.9
Stealth        | |  1.7

Action                   |  1- 3 |  4- 6 |  7- 9 || total
-------------------------+-------+-------+-------++-------
Melee: Spear             |   104 |   243 |    34 ||   381
       Kick              |    15 |     8 |       ||    23
  Use: Scroll            |     7 |     4 |     1 ||    12
       Potion            |     3 |     4 |       ||     7
 Stab: Sleeping          |     6 |       |       ||     6
       Invisible         |       |     1 |       ||     1
       Distracted        |       |     1 |       ||     1
  Eat: Chunk             |     2 |     9 |     1 ||    12
Armor: Robe              |    10 |       |       ||    10
       Scale mail        |       |   101 |     8 ||   109
Dodge: Dodged            |    45 |   137 |    14 ||   196

Table legend:
 A = Non-vault XP
 B = Vault XP
 C = Vault XP percentage of total XP
 D = Non-vault monster count
 E = Vault monster count
 F = Vault count percentage of total count
                 A         B        C        D         E       F
            +---------+---------+-------+---------+---------+-------
      Total |     878 |      43 |   4.7 |      87 |       7 |   7.4
            +---------+---------+-------+---------+---------+-------
        D:1 |      49 |      12 |  19.7 |      25 |       6 |  19.4
        D:2 |     118 |      31 |  20.8 |      23 |       1 |   4.2
        D:3 |      45 |       0 |   0.0 |      12 |       0 |   0.0
        D:4 |     666 |       0 |   0.0 |      27 |       0 |   0.0
            +---------+---------+-------+---------+---------+-------
